General information
- name: BNet
- type: Ladder 1vs1/FFA
- host: Battle.net
- saver: Nasty_Butler
map: TwistedMeadows
- players: 2
- length: 19:40
- speed: Fast
- version: 1.24 W3XP
- replay type: Public
» download(61 KB)
Players
team 1 (winner)
Nasty_Butler (
teal | 66 APM | 1292 actions | 19:40)
6 Mountain King
3 Storm Bolt
2 Bash
1 Avatar
» actions
| Assign group hotkey | 43 | |
| Basic commands | 144 | |
| Build / train | 92 | |
| ESC pressed | 3 | |
| Enter build submenu | 43 | |
| Enter hero's abilities submenu | 6 | |
| Give item / drop item | 2 | |
| Right click | 381 | |
| Select / deselect | 330 | |
| Select group hotkey | 124 | |
| Use ability | 124 | |
1292 total
» units
| Peasant | 22 | |
| Footman | 11 | |
| Goblin Shredder | 3 | |
| Goblin Zeppelin | 2 | |
| Dragonhawk Rider | 1 | |
| Gryphon Rider | 2 | |
| Sorceress | 2 | |
43 total
» upgrades
| Defend | 1 | |
| Masonry | 2 | |
| Swords | 1 | |
| Armor | 1 | |
| Animal War Training | 1 | |
| Magic Sentry | 1 | |
| Sorceress Training | 1 | |
8 total
» buildings
| Barracks | 1 | |
| Altar of Kings | 1 | |
| Farm | 11 | |
| Scout Tower | 32 | |
| Arcane Tower | 5 | |
| Town Hall | 2 | |
| Arcane Vault | 1 | |
| Lumber Mill | 1 | |
| Guard Tower | 10 | |
| Keep | 1 | |
| Blacksmith | 1 | |
| Castle | 1 | |
| Gryphon Aviary | 4 | |
| Arcane Sanctum | 1 | |
72 total
» build order
00:09 Barracks
00:20 Altar of Kings
00:36 Farm
01:10 Farm
01:40 Scout Tower
02:09 Farm
02:18 Arcane Tower
02:34 Farm
04:04 Scout Tower
04:04 Scout Tower
04:05 Scout Tower
04:06 Scout Tower
04:49 Scout Tower
04:57 Town Hall
05:01 Scout Tower
05:17 Arcane Vault
06:31 Arcane Tower
06:35 Lumber Mill
06:57 Guard Tower
07:10 Scout Tower
07:10 Scout Tower
07:15 Scout Tower
07:16 Scout Tower
07:33 Scout Tower
07:37 Scout Tower
07:37 Scout Tower
08:07 Guard Tower
08:51 Guard Tower
08:55 Farm
09:00 Guard Tower
09:08 Arcane Tower
09:16 Guard Tower
09:21 Farm
09:21 Farm
09:38 Farm
10:08 Town Hall
10:11 Scout Tower
10:12 Scout Tower
10:13 Scout Tower
10:14 Scout Tower
10:14 Scout Tower
10:15 Scout Tower
10:15 Scout Tower
11:00 Keep
11:04 Scout Tower
11:05 Scout Tower
11:05 Scout Tower
11:07 Scout Tower
11:34 Scout Tower
11:35 Scout Tower
11:36 Scout Tower
11:39 Scout Tower
11:39 Farm
11:40 Farm
11:41 Farm
11:46 Guard Tower
11:52 Guard Tower
12:06 Blacksmith
12:12 Guard Tower
12:30 Arcane Tower
12:33 Scout Tower
12:34 Scout Tower
12:34 Scout Tower
13:18 Guard Tower
13:25 Castle
13:26 Gryphon Aviary
13:27 Gryphon Aviary
13:30 Gryphon Aviary
13:32 Gryphon Aviary
13:50 Arcane Tower
13:51 Guard Tower
15:40 Arcane Sanctum
» items
| Scroll of Regeneration | 3 | |
| Lesser Clarity Potion | 4 | |
| Mechanical Critter | 2 | |
| Potion of Healing | 4 | |
| Staff of Sanctuary | 1 | |
| Orb of Fire | 1 | |
15 total
team 2 (loser)
greenthumb (
pink | 60 APM | 1182 actions | 19:38)
4 Blademaster
1 Mirror Image
1 Wind Walk
2 Critical Strike
3 Shadow Hunter
2 Healing Wave
1 Hex
» actions
| Assign group hotkey | 28 | |
| Basic commands | 92 | |
| Build / train | 52 | |
| ESC pressed | 5 | |
| Enter build submenu | 18 | |
| Enter hero's abilities submenu | 7 | |
| Give item / drop item | 4 | |
| Right click | 428 | |
| Select / deselect | 282 | |
| Select group hotkey | 217 | |
| Use ability | 49 | |
1182 total
» units
| Peon | 8 | |
| Grunt | 5 | |
| Tauren | 5 | |
| Shaman | 3 | |
| Troll Witch Doctor | 3 | |
| Troll Headhunter/Berserker | 1 | |
| Demolisher | 1 | |
26 total
» upgrades
| Shaman Training | 2 | |
| Witch Doctor Training | 2 | |
| Melee Weapons | 1 | |
| Pulverize | 1 | |
| Armor | 1 | |
7 total
» buildings
| Altar of Storms | 1 | |
| Orc Burrow | 7 | |
| Barracks | 1 | |
| Voodoo Lounge | 1 | |
| Stronghold | 1 | |
| War Mill | 1 | |
| Fortress | 5 | |
| Spirit Lodge | 1 | |
| Watch Tower | 1 | |
| Tauren Totem | 2 | |
| Great Hall | 2 | |
23 total
» build order
00:06 Altar of Storms
00:10 Orc Burrow
01:05 Barracks
01:21 Voodoo Lounge
01:45 Orc Burrow
02:43 Stronghold
03:25 War Mill
04:52 Orc Burrow
05:04 Fortress
05:05 Fortress
05:05 Fortress
05:10 Spirit Lodge
05:55 Watch Tower
06:54 Orc Burrow
07:27 Tauren Totem
07:30 Tauren Totem
09:32 Orc Burrow
11:16 Great Hall
12:26 Orc Burrow
12:27 Orc Burrow
15:44 Great Hall
» items
| Healing Salve | 3 | |
| Orb of Lightning | 1 | |
4 total
Chat log
(16:56 / All) greenthumb: lol
(19:27 / All) greenthumb: wow gg
(19:29 / All) Nasty_Butler: lol
(19:31 / All) Nasty_Butler: not really